AoeStats
← The_Economist

Arena

510354481Analyzed
1v1 RM · 9h ago on Sep 30, 2026· 38m 13s· 2 players
Game mode
Random Map
Map size
Tiny (2 player)
Population
200
Speed
Normal
Resources
Standard
Victory
Conquest
Starting age
Dark Age
Ending age
Imperial Age
RankedLock teamsTeams togetherTeam positionsShared explorationLock speedFull tech treeHidden civsTurbo modeCheats
Victory
Defeat
🇺🇸 Malay · United States
1344
+14
🇩🇪 Bohemians · Germany
1305
-14
²³
10:27 Feudal Age
14:15 Castle Age
12:52 Double-Bit Axe
13:08 Horse Collar
14:39 Wheelbarrow
16:08 Fervor
21:38 Chemistry
21:10 Heavy Plow
24:36 Bow Saw
24:28 Pikeman
24:54 Loom
27:13 Town Watch
27:43 Hand Cart
30:44 Imperial Age
30:02 Ballistics
29:53 Masonry
29:38 Murder Holes
29:35 Fletching
29:55 Forging
29:46 Scale Mail Armor
30:42 Padded Archer Armor
30:43 Bodkin Arrow
31:51 Iron Casting
31:21 Scale Barding Armor
31:21 Squires
31:07 Arson
31:55 Siege Engineers
31:31 Elite Skirmisher
32:43 Leather Archer Armor
34:19 Houfnice
37:27 Conscription
38:05 Hussite Reforms
The_Economist
9:45 Feudal Age
10:09 Feudal Age
13:57 Castle Age
11:53 Double-Bit Axe
12:13 Horse Collar
17:25 Town Watch
21:16 Wheelbarrow
23:27 Hand Cart
23:35 Bow Saw
23:21 Loom
24:00 Heavy Plow
23:57 Gold Mining
28:43 Imperial Age
27:26 Husbandry
29:11 Chemistry
28:08 Fletching
28:18 Padded Archer Armor
28:46 Bodkin Arrow
29:13 Ballistics
29:10 Crossbowman
29:56 Thumb Ring
30:13 Bracer
30:28 Leather Archer Armor
30:56 Crop Rotation
30:02 Arbalester
31:09 Pikeman
31:49 Squires
31:10 Man-at-Arms
31:36 Arson
32:03 Forging
32:24 Scale Barding Armor
33:30 Ring Archer Armor
34:05 Conscription
33:46 Forced Levy
34:35 Masonry
34:30 Siege Engineers
34:41 Town Patrol
35:19 Iron Casting
34:46 Elite Battle Elephant
38:26 Blast Furnace
Connection lost

Rejoining the realm…

Still unreachable

The connection could not be restored.

Session expired

The server has moved on; the page needs a fresh start.